 Dungeon Crawl Stone Soup version 0.21-a0-210-gbfa5647 (webtiles) character file.

114 Blomdor the Cudgeler (level 4, -10/37 HPs)
             Began as a Barachi Monk on Aug 22, 2017.
             Mangled by Crazy Yiuf
             ... wielding a +3 quarterstaff of chaos
              (20 damage)
             ... on level 2 of the Dungeon.
             The game lasted 00:03:15 (2632 turns).

Blomdor the Cudgeler (Barachi Monk)                 Turns: 2632, Time: 00:03:16

Health: -10/37     AC:  6    Str: 12 (13) XL:     4   Next: 97%
Magic:  4/4        EV: 10    Int:  9 (10) God:
Gold:   141        SH:  0    Dex: 13 (15) Spells: 3/3 levels left

rFire    . . .     SeeInvis .   a - +0 mace
rCold    . . .     Gourm    .   (no shield)
rNeg     . . .     Faith    .   f - +0 scale mail
rPois    .         Spirit   .   (no helmet)
rElec    .         Reflect  .   (no cloak)
rCorr    .         Harm     .   (no gloves)
MR       .....                  (no boots)
Stlth    ..........             (no amulet)
HPRegen  0.12/turn              (no ring)
MPRegen  0.09/turn              (no ring)

@: confused, hasted, quick
A: +LOS, swims, slowness 1, strong legs 1
a: Hop


You were on level 2 of the Dungeon.
You were not hungry.

You visited 1 branch of the dungeon, and saw 2 of its levels.

You collected 141 gold pieces.

Inventory:

Hand Weapons
 a - a +0 mace (weapon)
Armour
 f - a +0 scale mail (worn)
Scrolls
 b - a scroll of immolation {unknown}
 d - a scroll of random uselessness {unknown}
 e - 2 scrolls of remove curse {unknown}
 g - a scroll of identify {unknown}
 i - a scroll of teleportation {unknown}
Potions
 h - a potion of degeneration
Comestibles
 c - a bread ration
 j - 5 chunks of flesh


   Skills:
 + Level 3.9 Fighting
 * Level 5.2 Maces & Flails
 + Level 2.5 Armour
 - Level 3.2 Dodging
 - Level 1.7 Stealth


You had 3 spell levels left.
You didn't know any spells.

Dungeon Overview and Level Annotations

Branches:
Dungeon (2/15)

Altars:
Ashenzari

Annotations:
D:2 Crazy Yiuf


Innate Abilities, Weirdness & Mutations

Shadows flee at your approach. (+LOS)
You can swim through water.
You cover ground slowly.
You can hop short distances.


Message History

Okay, then.
Crazy Yiuf says, "Race!"
Crazy Yiuf hits you with a quarterstaff of chaos.
You feel yourself speed up.
There is an open door, spattered with blood here.
You hit Crazy Yiuf but do no damage.
Crazy Yiuf hits you with a quarterstaff of chaos.
You barely miss Crazy Yiuf. Crazy Yiuf completely misses you.
You barely miss Crazy Yiuf. You closely miss Crazy Yiuf.
Crazy Yiuf hits you with a quarterstaff of chaos!
You are confused.
You are too confused!
You are too confused!
You bump into the tree.
Crazy Yiuf hits you with a quarterstaff of chaos!
* * * LOW HITPOINT WARNING * * *
You are electrocuted!
Ouch! That really hurt!
You die...

#.# ##.#.## #. #.# #.#.# #. #.#
#...# ######. ##<## #####
#...... ###...#### #.#####
#...#....# ♣♣♣♣♣###.# #.#...####
#### ♣♣♣)♣)...#.# #.##.....#
#)))#♣))♣)......# #.########
#.)g@)♣♣♣♣......# #.# #)))#♣♣
♣♣....## #.# #### #### ♣♣####
#.# #..# #.# #.##
#.#####.######## #############
#..............# #............
#..####..###...#####.###########
#............................###


You could see Crazy Yiuf.

Vanquished Creatures
  3 adders (D:2)
  5 worms (D:2)
  3 dart slugs
  4 leopard geckos
  2 ball pythons (D:1)
  A giant cockroach (D:1)
  8 goblins
  6 hobgoblins
  7 jackals
  4 bats
  6 frilled lizards
  7 kobolds
  6 rats
62 creatures vanquished.

Notes
Turn   | Place    | Note
-------+----------+-------------------------------------------
     0 | D:1      | Blomdor the Barachi Monk began the quest for the Orb.
     0 | D:1      | Reached XP level 1. HP: 18/18 MP: 1/1
    51 | D:1      | Reached skill level 1 in Armour
    51 | D:1      | Reached XP level 2. HP: 23/24 MP: 2/2
   192 | D:1      | Reached skill level 4 in Maces & Flails
   502 | D:1      | Reached XP level 3. HP: 29/29 MP: 3/3
  1167 | D:2      | Reached XP level 4. HP: 20/36 MP: 4/4
  2000 | D:2      | Reached skill level 5 in Maces & Flails
  2044 | D:2      | Found a shattered altar of Ashenzari.
  2194 | D:2      | Found a runed door.
  2625 | D:2      | Noticed Crazy Yiuf
  2632 | D:2      | Mangled by Crazy Yiuf

Vault maps used:
D:1:      minmay_arrival_four_houses
D:2:      evilmike_ruin_ashenzari, uniq_crazy_yiuf_cottage

Skill      XL: |  1  2  3  4 |
---------------+-------------+-----
Armour         | 1 2 |  2.5
Maces & Flails | 4 5 |  5.2
Fighting       | |  3.9
Dodging        | |  3.2
Stealth        | |  1.7

Action                   |  1- 3 |  4- 6 || total
-------------------------+-------+-------++-------
Melee: Mace              |   120 |    99 ||   219
 Abil: Hop               |       |     1 ||     1
  Use: Potion            |       |     2 ||     2
 Stab: Sleeping          |     1 |       ||     1
  Eat: Chunk             |     1 |     5 ||     6
Armor: Robe              |     4 |       ||     4
       Scale mail        |    48 |    32 ||    80
Dodge: Dodged            |    94 |    60 ||   154

Table legend:
 A = Spawn XP
 B = Non-spawn XP
 C = Spawn XP percentage of total XP
 D = Spawn monster count
 E = Non-spawn monster count
 F = Spawn count percentage of total count
 G = Total turns spent on level
                    A         B        C        D         E        F      G
               +---------+---------+-------+---------+---------+-------+---------
         Total |      48 |     115 |  29.4 |      11 |      51 |  17.7 |  2632
               +---------+---------+-------+---------+---------+-------+---------
           D:1 |       2 |      50 |   3.8 |       1 |      28 |   3.4 |  1032
           D:2 |      46 |      65 |  41.4 |      10 |      23 |  30.3 |  1600
               +---------+---------+-------+---------+---------+-------+---------
